 Dungeon Crawl Stone Soup version 0.20.1-1-g8b1a95d (webtiles) character file.

23 vatarom the Caller (level 2, 0/21 HPs)
             Began as a Demonspawn Summoner on Sept 27, 2017.
             Slain by a hobgoblin
             ... wielding a +0 club
              (2 damage)
             ... on level 2 of the Dungeon.
             The game lasted 00:05:33 (1098 turns).

vatarom the Caller (Demonspawn Summoner)            Turns: 1098, Time: 00:05:33

Health: 0/21       AC:  2    Str:  8    XL:     2   Next: 72%
Magic:  1/5        EV: 12    Int: 16    God:
Gold:   31         SH:  0    Dex: 13    Spells: 2/5 levels left

rFire    . . .     SeeInvis .   g - +0 short sword
rCold    + . .     Gourm    .   (no shield)
rNeg     . . .     Faith    .   a - +0 robe
rPois    .         Spirit   .   (no helmet)
rElec    .         Reflect  .   (no cloak)
rCorr    .         Harm     .   (no gloves)
MR       .....                  (no boots)
Stlth    ++........             d - amulet of rage
Regen    0.1/turn               (no ring)
MPRegen  0.1/turn               (no ring)

@: no status effects
A: cold resistance 1
a: Evoke Berserk Rage


You were on level 2 of the Dungeon.
You were very hungry.

You visited 1 branch of the dungeon, and saw 2 of its levels.

You collected 31 gold pieces.

Inventory:

Hand Weapons
 g - a +0 short sword (weapon)
Armour
 a - a +0 robe (worn)
Jewellery
 d - an amulet of rage (around neck)
Potions
 e - a potion of curing {unknown}
 f - a potion of heal wounds {unknown}
Books
 b - a book of Callings

   Spells                             Type                      Level
   a - Summon Small Mammal            Summoning                    1
   b - Call Imp                       Summoning                    2
   c - Call Canine Familiar           Summoning                    3
   d - Summon Guardian Golem          Hexes/Summoning              3
   e - Summon Lightning Spire         Summoning/Air                4
   f - Summon Ice Beast               Ice/Summoning                4
Comestibles
 c - a bread ration
 i - 3 meat rations


   Skills:
 + Level 1.1 Fighting
 - Level 1.7 Dodging
 - Level 1.7 Stealth
 + Level 2.0 Spellcasting
 * Level 4.6 Summonings


You had 2 spell levels left.
You knew the following spells:

 Your Spells              Type           Power        Failure   Level  Hunger
a - Summon Small Mammal   Summ           ###.         3%          1    #......
b - Call Imp              Summ           ###.....     4%          2    ###....


Dungeon Overview and Level Annotations

Branches:
Dungeon (2/15)

Altars:


Innate Abilities, Weirdness & Mutations

Your flesh is cold resistant. (rC+)


Message History

The hobgoblin hits you with a club!
You are too injured to fight recklessly!
You are too injured to fight recklessly!
Casting: Call Imp
Confirm with . or Enter, or press ? or * to list all spells.
The hobgoblin hits you with a club.
* * * LOW HITPOINT WARNING * * *
Your bat hits the hobgoblin but does no damage.
Casting: Summon Small Mammal
Confirm with . or Enter, or press ? or * to list all spells.
Your bat hits the hobgoblin but does no damage.
The hobgoblin hits you with a club.
* * * LOW HITPOINT WARNING * * *
Unknown command.
Casting: Summon Small Mammal
Confirm with . or Enter, or press ? or * to list all spells.
A beastly little devil appears in a puff of flame.
Your bat hits the hobgoblin but does no damage.
The hobgoblin hits you with a club.
You die...

###### #....# #.##.###
#####.##...####### #
#.[...####......<#
#.##.#########......#
#....b............#.#
#####.#@#######.##)##.#
.......gb.># #....##.#
#####5#............##.#
#.####...##....##.# #.
#..##....(..# #.
######### ## ##


You could see a hobgoblin, a friendly crimson imp and 2 friendly bats.

Vanquished Creatures
  A dart slug (D:2)
  2 goblins (D:1)
  A kobold (D:2)
  2 bats (D:1)
  2 frilled lizards (D:1)
  2 rats (D:1)
10 creatures vanquished.

Vanquished Creatures (collateral kills)
  A dart slug (D:1)
  A giant cockroach (D:1)
  4 bats (D:1)
  2 frilled lizards (D:1)
  3 goblins (D:1)
  3 kobolds (D:1)
  2 rats (D:1)
16 creatures vanquished.

Grand Total: 26 creatures vanquished

Notes
Turn   | Place    | Note
-------+----------+-------------------------------------------
     0 | D:1      | vatarom the Demonspawn Summoner began the quest for the Orb.
     0 | D:1      | Reached XP level 1. HP: 13/13 MP: 3/3
   451 | D:1      | Reached skill level 1 in Fighting
   451 | D:1      | Gained mutation: Your flesh is cold resistant. (rC+) [demonic ancestry]
   451 | D:1      | Reached XP level 2. HP: 2/21 MP: 0/5
   934 | D:1      | Learned a level 2 spell: Call Imp
  1098 | D:2      | Slain by a hobgoblin

Skill      XL: |  1 |
---------------+----+-----
Fighting       | 1 |  1.1
Dodging        | |  1.7
Stealth        | |  1.7
Spellcasting   | |  2.0
Summonings     | |  4.6

Action                   || total
-------------------------++-------
Melee: Unarmed           ||    16
       Short sword       ||    35
 Cast: Summon Small Mamm ||    20
       Call Imp          ||     3
  Use: Scroll            ||     2
 Stab: Sleeping          ||     1
Armor: Robe              ||    14
Dodge: Dodged            ||    68
